 Dungeon Crawl Stone Soup version 0.30-a0-354-g6b83867211 (webtiles) character file.

Game seed: 8779953388408029381

3068 oldriver the Fighter (level 9, -1/217 HPs)
             Began as an Ogre Transmuter on Nov 8, 2022.
             Slain by a sky beast (6 damage)
             ... on level 7 of the Dungeon.
             The game lasted 00:13:04 (7631 turns).

oldriver the Fighter (Ogre Transmuter)              Turns: 7631, Time: 00:13:05

Health: -1/217     AC: 24    Str: 16    XL:     9   Next: 88%
Magic:  20/20      EV:  1    Int: 18    God:
Gold:   363        SH:  0    Dex:  9    Spells: 17/23 levels left

rFire   + . .      SeeInvis .    u - +5 scythe "Finisher" {speed, eviscerate}
rCold   . . .      Faith    .    (shield currently unavailable)
rNeg    . . .      Spirit   .    (body armour currently unavailable)
rPois   +          Reflect  .    (helmet currently unavailable)
rElec   .          Harm     .    (cloak currently unavailable)
rCorr   .          Rampage  .    (gloves unavailable)
Will    .....      NoTele   +    (boots unavailable)
Stlth   ..........               (no amulet)
HPRegen 0.56/turn                m - ring of protection from fire
MPRegen 0.17/turn                (no ring)

@: mighty, brilliant, berserking (expiring), tree-form, wereblooded (expiring),
very quick
A: stationary, stasis, torment immunity, boosted hp, large, unfitting armour,
(tough skin 1)
a: no special abilities


You were on level 7 of the Dungeon.
You were a tree.
You visited 1 branch of the dungeon, and saw 7 of its levels.
You also visited: Ossuary.

You collected 363 gold pieces.

Inventory:

Hand Weapons
 u - the +5 scythe "Finisher" (weapon) {speed, eviscerate}
   (You found it on level 4 of the Dungeon)

   Attacks with this weapon are significantly faster.
   It may eviscerate those it strikes, slaying them instantly, with a decreasing
   chance against stronger foes.
Armour
 n - +1 steam dragon scales (melded)
Jewellery
 m - a ring of protection from fire (left branch)
 t - a ring of magical power
Wands
 d - a wand of light (13)
Scrolls
 b - 4 scrolls of teleportation
 f - 2 scrolls of blinking
 i - 2 scrolls of fog
 l - 3 scrolls of fear
 o - 2 scrolls of amnesia
Potions
 g - 2 potions of flight
 j - 3 potions of mutation
 k - a potion of magic


   Skills:
 + Level 8.7 Fighting
 - Level 3.5(4.8) Axes
 * Level 5.0(5.6) Polearms
 - Level 3.0 Dodging
 - Level 2.7 Unarmed Combat
 + Level 7.5 Spellcasting
 + Level 0.9 Necromancy
 - Level 6.1 Transmutations


You had 17 spell levels left.
You knew the following spells:

 Your Spells              Type           Power      Damage    Failure   Level
a - Beastly Appendage     Tmut           86%        N/A       1%          1
b - Wereblood             Tmut           43%        N/A       1%          2
c - Vampiric Draining     Necr           15%        2d7       21%         3

Your spell library contained the following spells:

 Spells                   Type           Power      Damage    Failure   Level
 Passwall                 Tmut/Erth      21%        N/A       4%          2
 Necrotise                Necr           60%        1d7       7%          1
 Spider Form              Tmut/Pois      26%        N/A       9%          3
 Apportation              Tloc           20%        N/A       11%         1
 Summon Small Mammal      Summ           40%        N/A       11%         1
 Ensorcelled Hibernation  Hex/Ice        20%        N/A       16%         2
 Ice Form                 Ice/Tmut       26%        N/A       28%         4
 Swiftness                Air            10%        N/A       30%         3
 Agony                    Necr           15%        N/A       88%         5


Dungeon Overview and Level Annotations

Branches:
Dungeon (7/15)            Ossuary (visited)
 Temple: D:4-7

Altars:
Dithmenos
Okawaru
Ru
Trog

Annotations:
D:6 Dowan, Duvessa


Innate Abilities, Weirdness & Mutations

You are a tree.
Your roots penetrate the ground, keeping you stationary.
You cannot be teleported.
You are immune to unholy pain and torment.
Your maximum health is greatly increased.
Your equipment is partially melded.
You are too large for most types of armour.
((You have tough skin. (AC +1)))


Message History

You impale the killer bee!!
You feel a bit better.
You kill the killer bee!
You creak as the wereblood boils in your veins!
* * * LOW HITPOINT WARNING * * *
You feel sick.
You puncture the killer bee!
The killer bee is severely wounded.
* * * LOW HITPOINT WARNING * * *
You feel sick.
The killer bee stings you but does no damage.
A sky beast comes into view.
The killer bee stings you but does no damage.
You miss the killer bee.
The killer bee is severely wounded.
The killer bee stings you but does no damage.
You slice the killer bee!!
You feel a bit better.
You kill the killer bee!
You feel sick.
The killer bee stings you but does no damage.
Your Polearms skill increases to level 5!
You impale the killer bee!!
You feel a bit better.
You kill the killer bee!
You feel sick.
You closely miss the sky beast.
You feel sick.
You are no longer poisoned.
The sky beast hits you but does no damage.
You barely miss the sky beast. You closely miss the sky beast.
Your primal bloodlust is almost over.
The sky beast flickers out of sight!
Deactivating autopickup; reactivate with Ctrl-A.
Something hits you but does no damage.
You cannot move.
You cannot move.
You cannot move.
You miss something. Something hits you but does no damage.
You barely miss something. Something hits you.
* * * LOW HITPOINT WARNING * * *
Something shocks you.
You die...

###### ##
#....############.
#♣##..............
#{###############.
#h# ## ... # #.# #
#.. # ### #######
# #.....# #
#.....## #


You could see a hound.

Vanquished Creatures
  Maggie (D:6)
  Edmund (D:6)
  3 ice beasts
  5 black bears
  An orc warrior (D:4)
  An ogre (D:6)
  2 phantoms
  4 bullfrogs
  3 scorpions
  A necrophage (D:4)
  2 water moccasin zombies (Ossuary)
  4 killer bees (D:7)
  7 hounds
  5 orc priests (D:4)
  2 iguanas (D:5)
  6 orc wizards
  3 mummies
  6 gnolls
  5 adders
  A white imp (D:6)
  An ufetubus (D:6)
  8 adder zombies (Ossuary)
  4 dart slugs
  11 orcs
  6 ball pythons
  5 bats
  8 endoplasms
  4 giant cockroaches
  4 gnoll zombies (Ossuary)
  8 goblins
  8 hobgoblins
  5 jackals (D:4)
  4 quokkas
  3 frilled lizards
  4 hobgoblin zombies (Ossuary)
  6 kobolds
  4 kobold zombies (Ossuary)
  4 orc zombies (Ossuary)
  4 rats
164 creatures vanquished.

Vanquished Creatures (others)
  4 plants (D:1)
  14 withered plants (D:1)
18 creatures vanquished.

Grand Total: 182 creatures vanquished

Notes
Turn   | Place    | Note
-------+----------+-------------------------------------------
     0 | D:1      | oldriver the Ogre Transmuter began the quest for the Orb.
     0 | D:1      | Reached XP level 1. HP: 19/19 MP: 3/3
   279 | D:1      | Reached XP level 2. HP: 27/28 MP: 3/5
   431 | D:1      | Reached skill level 2 in Fighting
   484 | D:1      | Found a faded altar of an unknown god.
   762 | D:1      | Reached XP level 3. HP: 36/36 MP: 5/7
  1175 | D:2      | Learned a level 2 spell: Wereblood
  1508 | D:2      | Reached XP level 4. HP: 37/44 MP: 6/8
  1585 | D:2      | Reached skill level 1 in Axes
  2101 | D:3      | Found a bloodstained altar of Trog.
  2111 | D:3      | Found a sacrificial altar of Ru.
  2125 | D:3      | Reached skill level 3 in Fighting
  2746 | D:4      | Noticed a bullfrog
  2768 | D:4      | Reached XP level 5. HP: 53/53 MP: 8/10
  2773 | D:4      | Found a sand-covered staircase.
  2782 | Ossuary  | Entered an ossuary
  2951 | Ossuary  | Reached skill level 4 in Fighting
  2951 | Ossuary  | Reached XP level 6. HP: 49/62 MP: 8/12
  3426 | D:4      | Reached XP level 7. HP: 34/71 MP: 11/13
  3432 | D:4      | Reached skill level 5 in Fighting
  3720 | D:4      | Found a shadowy altar of Dithmenos.
  3769 | D:4      | Reached skill level 5 in Spellcasting
  4213 | D:4      | Identified the +3 buckler "Boziag" {rElec}
  4405 | D:4      | Reached skill level 6 in Fighting
  4636 | D:4      | Reached XP level 8. HP: 75/83 MP: 13/16
  4954 | D:4      | Reached skill level 5 in Transmutations
  5076 | D:4      | Found the +5 scythe "Finisher" {speed, eviscerate}
  5124 | D:5      | Entered Level 5 of the Dungeon
  5317 | D:5      | Reached skill level 7 in Fighting
  5318 | D:5      | Reached skill level 1 in Polearms
  5741 | D:5      | Noticed a yak
  5809 | D:5      | Reached XP level 9. HP: 93/93 MP: 14/18
  5844 | D:5      | Found an iron altar of Okawaru.
  6309 | D:6      | Noticed Dowan
  6310 | D:6      | Noticed Duvessa
  6488 | D:6      | Noticed Edmund
  6492 | D:6      | Killed Edmund
  6622 | D:6      | Reached skill level 8 in Fighting
  6769 | D:6      | Noticed Maggie
  6784 | D:6      | Killed Maggie
  7124 | D:6      | Learned a level 3 spell: Vampiric Draining
  7512 | D:6      | You fall into a shaft and drop 1 floor!
  7617 | D:7      | HP: 7/145 [poisoned by a killer bee]
  7619 | D:7      | HP: 2/217 [killer bee (2)]
  7625 | D:7      | HP: 5/217 [poisoned by a killer bee]
  7626 | D:7      | Reached skill level 5 in Polearms
  7631 | D:7      | HP: 5/217 [something (2)]
  7631 | D:7      | Slain by a sky beast

Illustrated notes

Levels and vault maps discovered:
D:1:      dpeg_arrival_three_same_balls, layout_rooms, serial_forest,
          infiniplex_forest_lined_corner, infiniplex_forest_diagonal,
          infiniplex_forest_lined_room_, infiniplex_forest_straight_3,
          infiniplex_forest_lined_4_way, infiniplex_forest_pool,
          infiniplex_forest_lined_room_, shapermc_ecumenical_altar_flowoftime
D:2:      layout_basic, serial_co_window_serial, co_window_of_opportunity_a,
          co_window_paths_b, co_window_corner_a, co_window_paths_a,
          co_window_corner_a, co_window_paths_c, co_window_unsneaky_path_b,
          co_window_of_opportunity_b, glass_columns_a, glass_columns_b,
          glass_columns_a, glass_columns_a, glass_columns_c
D:3:      layout_basic, mainiacjoe_overflow_large_starburst
D:4:      minmay_clustersquares, layout_basic,
          nicolae_dithmenos_through_a_glass_darkly, gup_ossuary_entry_pyramid,
          guppyfry_early_orc_mine
D:5:      layout_basic, okawaru_altar_gauntlet_db,
          eino_small_chamber_without_monster, lightli_corner_chamber
D:6:      layout_cave_pods, uniq_maggie, uniq_edmund, uniq_duvessa
D:7:      layout_loops_cross, temple_green, enter_bailey_4, feat_on_display,
          uniq_crazy_yiuf_cottage

Skill      XL: |  1  2  3  4  5  6  7  8  9 |
---------------+----------------------------+-----
Transmutations | 2 3 4 5 6 |  6.1
Fighting       | 2 3 4 6 7 8 |  8.7
Spellcasting   | 3 4 5 6 7 |  7.5
Axes           | 1 2 3 |  3.5
Dodging        | 2 3 |  3.0
Polearms       | 2 5 |  5.0
Unarmed Combat | |  2.7
Necromancy     | |  0.9

Action                   |  1- 3 |  4- 6 |  7- 9 || total
-------------------------+-------+-------+-------++-------
Melee: Unarmed           |    49 |       |       ||    49
       Kick              |    16 |    29 |    42 ||    87
       Headbutt          |     9 |    16 |    15 ||    40
       Hand axe          |    45 |   137 |    92 ||   274
       Punch             |       |     2 |       ||     2
       Scythe            |       |       |   111 ||   111
 Cast: Beastly Appendage |    24 |    24 |    38 ||    86
       Wereblood         |       |    10 |    31 ||    41
  Use: Scroll            |       |     2 |    14 ||    16
       Potion            |       |     3 |     8 ||    11
Armor: Robe              |    28 |    33 |    50 ||   111
       Skin              |       |     1 |    18 ||    19
       Steam dragon scal |       |       |    11 ||    11
Dodge: Dodged            |    40 |    42 |   121 ||   203

Table legend: (Time is in decaauts)
 A = Elapsed time spent in this place.
 B = Non-inter-level travel time spent in this place.
 C = Inter-level travel time spent in this place.
 D = Time resting spent in this place.
 E = Time spent auto-exploring this place.
 F = Levels seen in this place.
 G = Mean time per level.
                   A        B        C        D        E       F      G
               +--------+--------+--------+--------+--------+-----+--------+
         Total |   7698 |   7434 |    264 |   1271 |   4815 |   8 |  962.2 |
       Dungeon |   7065 |   6801 |    264 |   1026 |   4654 |   7 | 1009.3 |
       Ossuary |    633 |    633 |      0 |    245 |    161 |   1 |  633.0 |
               +--------+--------+--------+--------+--------+-----+--------+

Top non-repeatable levels by time:
     D:4: 1792 daAuts
     D:5: 1334 daAuts
     D:6: 1073 daAuts
     D:2: 1059 daAuts
     D:1: 914 daAuts
     D:3: 774 daAuts
 Ossuary: 633 daAuts
     D:7: 118 daAuts
